 Dungeon Crawl Stone Soup version 0.29.0-4-gdea44cf6ec (webtiles) character file.

Game seed: 1123209227705864887

2 qw the Grasshopper (level 1, -2/12 HPs)
             Began as a Tengu Warper on Aug 28, 2022.
             Killed from afar by Jessica (5 damage)
             ... with a puff of flame
             ... on level 2 of the Dungeon.
             The game lasted 00:00:00 (288 turns).

qw the Grasshopper (Tengu Warper)                    Turns: 288, Time: 00:00:01

Health: -2/12      AC:  3    Str: 11    XL:     1   Next: 30%
Magic:  4/4        EV: 11    Int: 13    God:
Gold:   46         SH:  0    Dex: 13    Spells: 4/4 levels left

rFire   . . .      SeeInvis .   a - +0 hand axe
rCold   . . .      Faith    .   (no shield)
rNeg    . . .      Spirit   .   b - +0 leather armour
rPois   .          Reflect  .   (helmet restricted)
rElec   .          Harm     .   (no cloak)
rCorr   .          Rampage  .   (no gloves)
Will    .....                   (boots unavailable)
Stlth   +.........              (no amulet)
HPRegen 0.04/turn               (no ring)
MPRegen 0.09/turn               (no ring)

@: no status effects
A: beak, talons 3
a: no special abilities


You were on level 2 of the Dungeon.
You visited 1 branch of the dungeon, and saw 2 of its levels.

You collected 46 gold pieces.


Innate Abilities, Weirdness & Mutations

You have a beak for a mouth.
You have claws for feet.


   Skills:
 - Level 2.0 Fighting
 + Level 2.4 Axes
 - Level 1.0 Throwing
 - Level 1.1 Armour
 - Level 2.1 Dodging
 - Level 2.0 Spellcasting
 - Level 2.4 Translocations


You had 4 spell levels left.
You didn't know any spells.
Your spell library contained the following spells:

 Spells                   Type           Power      Damage    Failure   Level
 Blink                    Tloc           14%        N/A       19%         2
 Gell's Gravitas          Tloc           7%         N/A       36%         3
 Lesser Beckoning         Tloc           7%         N/A       36%         3
 Teleport Other           Tloc           7%         N/A       36%         3
 Manifold Assault         Tloc           7%         N/A       98%         5

Inventory:

Hand Weapons
 a - a +0 hand axe (weapon)
Missiles
 d - 4 boomerangs of dispersal (quivered)
Armour
 b - a +0 leather armour (worn)
 f - a +0 ring mail
Scrolls
 c - a scroll of blinking
 e - a scroll of teleportation {unknown}

Dungeon Overview and Level Annotations

Branches:
Dungeon (2/15)

Altars:

Annotations:
D:2 Jessica


Message History

You miss the frilled lizard.
The frilled lizard bites you but does no damage.
You hit the frilled lizard.
You kill the frilled lizard!
e - a scroll labelled MOBBOH JYHI
Enter note:
Found an escape hatch in the floor.
Found 6 stones.
You see here 6 stones.
You now have 23 gold pieces (gained 13).
You now have 34 gold pieces (gained 11).
Found a stone staircase leading down.
Enter note:
Enter note:
f - a +0 ring mail
There is a stone staircase leading down here.
A frilled lizard comes into view.
Enter note: Throw: 6 boomerangs (disperse)
Press: ? - help, Q - select action Shift-Dir - straight line, f - frilled lizard You throw a boomerang of dispersal.
The boomerang of dispersal misses the frilled lizard.
Throw: 5 boomerangs (disperse)
Press: ? - help, Q - select action Shift-Dir - straight line, f/p - frilled lizard You throw a boomerang of dispersal.
The boomerang of dispersal barely misses the frilled lizard.
You barely miss the frilled lizard. Your kick misses the frilled lizard.
The frilled lizard closely misses you.
The frilled lizard bites you but does no damage.
You hit the frilled lizard.
You kill the frilled lizard!
You see here a frilled lizard corpse.
You now have 46 gold pieces (gained 12).
Jessica the Apprentice Sorceress comes into view.
She is wielding a +2 club and carrying a wand of flame (13).
Jessica zaps a wand.
The puff of flame hits you!
Ouch! That really hurt!
Enter note: Jessica says, "Why did you come here?"
Jessica zaps a wand.
The puff of flame hits you.
You die...

#########
#........
##########.#######
#..........# #
#.########.# # #.#
#....# # #.#
#.##.# # #.#
#.##.# # #@#
#.##.####### #.#
#.##........ #.#
#........... #.#
##########.# #.#
#.# #.# #.# #@#
#.# #.# #.# #.#


You could see Jessica.

Vanquished Creatures
  2 frilled lizards (D:2)
  A rat (D:1)
3 creatures vanquished.

Notes
Turn   | Place    | Note
-------+----------+-------------------------------------------
     0 | D:1      | qw the Tengu Warper began the quest for the Orb.
     0 | D:1      | Reached XP level 1. HP: 12/12 MP: 4/4
     0 | D:1      | 0 ||| qw: Version: 0.1-a-89-g26bdef1
     0 | D:1      | 0 ||| qw: Game counter: 227
     0 | D:1      | 0 ||| qw: Always use a shield: true
     0 | D:1      | 0 ||| qw: God list: Okawaru
     0 | D:1      | 0 ||| qw: Allow faded altars: false
     0 | D:1      | 0 ||| qw: Do Orc after D:15 true
     0 | D:1      | 0 ||| qw: Do second Lair branch before Depths: true
     0 | D:1      | 0 ||| qw: Lair rune preference: random
     0 | D:1      | 0 ||| qw: Plans: Normal
     0 | D:1      | 0 ||| PLANNING D:1-11
    50 | D:1      | You fall into a shaft and drop 1 floor!
   287 | D:2      | Noticed Jessica
   287 | D:2      | HP: 3/12 [Jessica/puff of flame (9)]
   288 | D:2      | Killed from afar by Jessica

Levels and vault maps discovered:
D:1:      onia_arrival_pyramid, layout_basic
D:2:      layout_loops_ring, dilly_ecumenical_altar_fadedgnrine, basic_altar,
          uniq_jessica

Action                   || total
-------------------------++-------
Melee: Hand axe          ||     5
       Peck              ||     1
Throw: Boomerang         ||     3
Armor: Leather armour    ||     2
Dodge: Dodged            ||     1

Table legend:
 A = Non-vault XP
 B = Vault XP
 C = Vault XP percentage of total XP
 D = Non-vault monster count
 E = Vault monster count
 F = Vault count percentage of total count
                 A         B        C        D         E       F
            +---------+---------+-------+---------+---------+-------
      Total |       3 |       0 |   0.0 |       3 |       0 |   0.0
            +---------+---------+-------+---------+---------+-------
        D:1 |       1 |       0 |   0.0 |       1 |       0 |   0.0
        D:2 |       2 |       0 |   0.0 |       2 |       0 |   0.0
            +---------+---------+-------+---------+---------+-------
